 Dungeon Crawl Stone Soup version 0.27-a0-1105-g946c659c87 (webtiles) character file.

Game seed: 15579933300791230784

128 DogServant the Grasshopper (level 4, -3/35 HPs)
             Began as a Palentonga Warper on Apr 30, 2021.
             Slain by a gnoll
             ... wielding a +2 flail of protection
              (7 damage)
             ... on level 3 of the Dungeon.
             The game lasted 00:07:09 (3994 turns).

DogServant the Grasshopper (Palentonga Warper)      Turns: 3994, Time: 00:07:10

Health: -3/35      AC:  4    Str: 15    XL:     4   Next: 87%
Magic:  5/7        EV:  9    Int: 20    God:
Gold:   96         SH:  0    Dex:  9    Spells: 2/7 levels left

rFire    . . .     SeeInvis +   a - +0 mace
rCold    . . .     Faith    .   (no shield)
rNeg     . . .     Spirit   .   b - +0 leather armour
rPois    .         Reflect  .   (no helmet)
rElec    .         Harm     .   (no cloak)
rCorr    .         Rampage  .   (no gloves)
Will     .....                  (no barding)
Stlth    +.........             (no amulet)
HPRegen  0.11/turn              c - +6 ring of intelligence
MPRegen  0.10/turn              (no ring)

@: no status effects
A: large, rugged brown scales 3, see invisible, deformed body, roll 1, armoured
tail
a: Rolling Charge


You were on level 3 of the Dungeon.
You visited 1 branch of the dungeon, and saw 3 of its levels.

You collected 96 gold pieces.

Inventory:

Hand Weapons
 a - a +0 mace (weapon)
Missiles
 e - 6 boomerangs of dispersal (quivered)
Armour
 b - a +0 leather armour (worn)
 l - a scarf of shadows
Jewellery
 c - a +6 ring of intelligence (left hand)
Scrolls
 d - a scroll of blinking
 g - a scroll of magic mapping {unknown}
 j - a scroll of silence {unknown}
 k - a scroll of fear {unknown}
 m - a scroll of acquirement {unknown}
Potions
 f - 2 potions of might {unknown}
 h - a potion of heal wounds {unknown}
 i - a potion of haste {unknown}


   Skills:
 + Level 2.0 Fighting
 + Level 3.8 Maces & Flails
 - Level 0.6 Throwing
 - Level 1.0 Armour
 - Level 1.5 Dodging
 - Level 2.0 Spellcasting
 + Level 4.4 Translocations


You had 2 spell levels left.
You knew the following spells:

 Your Spells              Type           Power      Damage    Failure   Level
a - Blink                 Tloc           N/A        N/A       4%          2
b - Teleport Other        Tloc           19%        N/A       10%         3

Your spell library contained the following spells:

 Spells                   Type           Power      Damage    Failure   Level
 Beastly Appendage        Tmut           4%         N/A       19%         1
 Shock                    Conj/Air       8%         1d3       19%         1
 Static Discharge         Conj/Air       2%         N/A       28%         2
 Wereblood                Tmut           2%         N/A       28%         2
 Gell's Gravitas          Tloc           9%         N/A       10%         3
 Lesser Beckoning         Tloc           9%         N/A       10%         3
 Spider Form              Tmut/Pois      1%         N/A       50%         3
 Swiftness                Air            2%         N/A       50%         3
 Manifold Assault         Tloc           19%        N/A       65%         5
 Airstrike                Air            1%         N/A       88%         4
 Ice Form                 Ice/Tmut       2%         N/A       88%         4
 Hydra Form               Tmut           1%         N/A       99%         5
 Lightning Bolt           Conj/Air       1%         1d12      99%         5


Dungeon Overview and Level Annotations

Branches:
Dungeon (3/15)

Altars:
Dithmenos

Shops:
D:2 [


Innate Abilities, Weirdness & Mutations

You are completely covered in rugged brown scales. (AC +3, +7% HP)
You have supernaturally acute eyesight. (SInv)
Armour fits poorly on your strangely shaped body.
You can roll at nearby foes to attack.
You have a long armoured tail.


Message History

The gnoll is heavily wounded.
The gnoll hits you with a +0 club!
* * * LOW HITPOINT WARNING * * *
Casting: Blink (safe; 4% risk of failure)
Confirm with . or Enter, or press ? or * to list all spells.
You blink.
Roll where?
Press: ? - help, Dir - move target, f/p - gnoll
Aim: a gnoll, wielding a +0 club (heavily wounded)
Okay, then.
Okay, then.
Throw: 9 boomerangs (disperse)
Press: ? - help, Q - select action, (/) - cycle Shift-Dir - straight line, f/p - gnoll
Aim: a gnoll, wielding a +0 club (moderately wounded, 58% to hit)
You throw a boomerang of dispersal.
The boomerang of dispersal hits the gnoll.
The gnoll blinks!
The gnoll is severely wounded.
Roll where?
Press: ? - help, Dir - move target, f/p - gnoll
Aim: a gnoll, wielding a +0 club (severely wounded)
You roll forward with a clatter of scales!
You closely miss the gnoll.
The gnoll is severely wounded.
The gnoll misses you.
Throw: 8 boomerangs (disperse)
Press: ? - help, Q - select action, (/) - cycle Shift-Dir - straight line, f - gnoll, p - gnoll
Aim: a gnoll, wielding a +2 flail of protection (sparse dust, 58% to hit)
You throw a boomerang of dispersal.
The boomerang of dispersal closely misses the gnoll.
The gnoll hits you with a +0 club.
* * * LOW HITPOINT WARNING * * *
The gnoll barely misses you. The gnoll hits you but does no damage.
Throw: 7 boomerangs (disperse)
Press: ? - help, Q - select action, (/) - cycle Shift-Dir - straight line, f/p - gnoll
Aim: a gnoll, wielding a +2 flail of protection (sparse dust, 58% to hit)
You throw a boomerang of dispersal.
The boomerang of dispersal barely misses the gnoll.
The gnoll hits you with a +2 flail of protection!
You die...

#.........## #.# #[
#. ##.#..##### #.# #
#. #........# #.# ##
########.# #.# #.#
.# # #g# .. #.#
#.#.# #
#.############.._..#
#....g@g..)....#
##############...#
###


You could see 2 gnolls.

Vanquished Creatures
  A gnoll (D:3)
  5 adders (D:2)
  A dart slug (D:2)
  5 ball pythons
  3 bats
  5 endoplasms
  5 giant cockroaches
  5 goblins
  13 jackals
  2 kobolds
  7 quokkas
  4 frilled lizards
  5 rats
61 creatures vanquished.

Vanquished Creatures (others)
  A plant (D:2)
1 creature vanquished.

Grand Total: 62 creatures vanquished

Notes
Turn   | Place    | Note
-------+----------+-------------------------------------------
     0 | D:1      | DogServant the Palentonga Warper began the quest for the
                  | Orb.
     0 | D:1      | Reached XP level 1. HP: 17/17 MP: 3/3
   295 | D:1      | Reached skill level 1 in Armour
   532 | D:1      | Reached XP level 2. HP: 17/23 MP: 5/5
   538 | D:1      | Learned a level 2 spell: Blink
  1323 | D:2      | Found a faded altar of an unknown god.
  1416 | D:2      | Reached XP level 3. HP: 26/28 MP: 6/6
  1762 | D:2      | Learned a level 3 spell: Teleport Other
  2282 | D:2      | Reached skill level 4 in Translocations
  2667 | D:2      | Found Jarron's Antique Armour Shop.
  2724 | D:2      | Reached XP level 4. HP: 32/35 MP: 7/7
  3955 | D:3      | Found a shadowy altar of Dithmenos.
  3994 | D:3      | Slain by a gnoll

Illustrated notes

Levels and vault maps discovered:
D:1:      minmay_arrival_open_corners, layout_loops_ring, kennysheep_minor_cross
D:2:      layout_basic, serial_shops, nicolae_shop_overgrown_old_shop,
          shapermc_ecumenical_altar_notcrosses, lemuel_another_geyser
D:3:      layout_loops_ring, lemuel_crystal_altar, minmay_circle_x

Skill      XL: |  1  2  3 |
---------------+----------+-----
Armour         | 1 |  1.0
Maces & Flails | 3 |  3.8
Translocations | 4 |  4.4
Fighting       | |  2.0
Throwing       | |  0.6
Dodging        | |  1.5
Spellcasting   | |  2.0

Action                   |  1- 3 |  4- 6 || total
-------------------------+-------+-------++-------
Melee: Mace              |   140 |    80 ||   220
       Tailslap          |    13 |     8 ||    21
Throw: Boomerang         |       |     3 ||     3
 Cast: Teleport Other    |     2 |     1 ||     3
       Blink             |       |     7 ||     7
 Abil: Rolling Charge    |    28 |    20 ||    48
Armor: Leather armour    |    62 |    35 ||    97
Dodge: Dodged            |    71 |    41 ||   112

Table legend: (Time is in decaauts)
 A = Elapsed time spent in this place.
 B = Non-inter-level travel time spent in this place.
 C = Inter-level travel time spent in this place.
 D = Time resting spent in this place.
 E = Time spent auto-exploring this place.
 F = Levels seen in this place.
 G = Mean time per level.
                   A        B        C        D        E       F      G
               +--------+--------+--------+--------+--------+-----+--------+
         Total |   4048 |   3991 |     57 |    725 |   2804 |   3 | 1349.3 |
       Dungeon |   4048 |   3991 |     57 |    725 |   2804 |   3 | 1349.3 |
               +--------+--------+--------+--------+--------+-----+--------+

Top non-repeatable levels by time:
     D:2: 2378 daAuts
     D:1: 1264 daAuts
     D:3: 405 daAuts
